 Dungeon Crawl Stone Soup version 0.21.0-3-g78d12a8 (webtiles) character file.

1622441 Megalobster the Slayer (level 26, 264/264 HPs)
             Began as a Minotaur Berserker on Jan 12, 2018.
             Was an Elder of Trog.
             Escaped with the Orb
             ... and 3 runes!
             The game lasted 05:48:16 (75127 turns).

Megalobster the Slayer (Minotaur Berserker)        Turns: 75127, Time: 05:48:16

Health: 264/264    AC: 44    Str: 31      XL:     26   Next: 83%
Magic:  6/10       EV: 23    Int:  4 (6)  God:    Trog [****..]
Gold:   3446       SH: 21    Dex: 21      Spells: 25/25 levels left

rFire    + + +     SeeInvis +   a - +9 broad axe (antimagic)
rCold    + + .     Gourm    .   f - +3 shield of Whack-A-Mole {Int+3}
rNeg     + . .     Faith    .   J - +6 gold dragon scales
rPois    +         Spirit   .   T - +3 crown of Dyrovepreva {rElec Int+2 SInv}
rElec    +         Reflect  .   W - +1 cloak {+Inv}
rCorr    .         Harm     .   M - +2 pair of gloves
MR       +....                  S - +2 pair of boots {run}
Stlth    ..........             k - amulet of Relativism {rF++ Regen+}
HPRegen  0.94/turn              s - ring of the Pharaoh's Fist {rElec rPois rN+ SInv Stlth+}
MPRegen  0.12/turn              R - ring "Loss" {rC+ Int-3 Dex+6 Stlth+}

@: hasted, drained, very quick
A: retaliatory headbutt, hooves 1, horns 2, agile 1, electricity resistance,
MP-powered wands
0: Orb of Zot
}: 3/15 runes: decaying, serpentine, silver
a: Berserk, Trog's Hand, Brothers in Arms, Burn Spellbooks, Renounce Religion,
Evoke Invisibility


You escaped.
You worshipped Trog.
Trog was greatly pleased with you.
You were completely stuffed.

You visited 9 branches of the dungeon, and saw 47 of its levels.
You also visited: Labyrinth and Ice Cave.

You collected 6099 gold pieces.
You spent 2653 gold pieces at shops.

Inventory:

Hand Weapons
 a - a +9 antimagic broad axe (weapon)
 b - the +7 broad axe of Luockiqopt {flame, Str+6 Int+4}
   (Trog gifted it to you on level 1 of the Depths)

   It has been specially enchanted to burn those struck by it, causing extra
   injury to most foes and up to half again as much damage against particularly
   susceptible opponents.
   Big, fiery blades are also staple armaments of hydra-hunters.
   It affects your strength (+6).
   It affects your intelligence (+4).
Missiles
 O - 3 tomahawks of dispersal (quivered)
Armour
 f - the +3 shield of Whack-A-Mole (worn) {Int+3}
   (You bought it in a shop on level 2 of the Orcish Mines)

   It affects your intelligence (+3).
 o - the +10 large shield of Ignorance {rN+ Int-4}
   (You found it on level 2 of the Orcish Mines)

   It affects your intelligence (-4).
   It protects you from negative energy.
 J - +6 gold dragon scales (worn)
 M - a +2 pair of gloves (worn)
 S - a +2 pair of boots of running (worn)
 T - the +3 crown of Dyrovepreva (worn) {rElec Int+2 SInv}
   (You bought it in a shop on level 2 of the Orcish Mines)

   It affects your intelligence (+2).
   It insulates you from electricity.
   It lets you see invisible.
 W - a +1 cloak of invisibility (worn)
Jewellery
 k - the amulet of Relativism (around neck) {rF++ Regen+}
   (You found it on level 1 of the Swamp)

   [amulet of regeneration]

   It greatly protects you from fire.
   It increases your rate of regeneration.
 r - an uncursed ring of fire {unknown}
 s - the ring of the Pharaoh's Fist (left hand) {rElec rPois rN+ SInv Stlth+}
   (You found it on level 4 of the Depths)

   [ring of positive energy]

   It insulates you from electricity.
   It protects you from poison.
   It protects you from negative energy.
   It lets you see invisible.
   It makes you more stealthy.
 Q - the ring of Xom's Capriciousness {Int+3 Dex+4}
   (You found it on level 5 of the Vaults)

   [ring of intelligence]

   It affects your intelligence (+3).
   It affects your dexterity (+4).
 R - the ring "Loss" (right hand) {rC+ Int-3 Dex+6 Stlth+}
   (You found it on level 4 of the Depths)

   [ring of protection from cold]

   It affects your intelligence (-3).
   It affects your dexterity (+6).
   It protects you from cold.
   It makes you more stealthy.
Wands
 q - a wand of scattershot (5)
 v - a wand of flame (33)
 y - a wand of iceblast (18)
 A - a wand of digging (20)
 K - a wand of enslavement (32)
 N - a wand of acid (15)
 V - a wand of clouds (6)
Scrolls
 e - 26 scrolls of remove curse {@r2}
 h - 20 scrolls of teleportation
 l - 4 scrolls of holy word
 n - a scroll of identify {@r1}
 B - 5 scrolls of blinking
 D - a scroll of silence
 E - 6 scrolls of fear
 L - 3 scrolls of magic mapping
 P - 10 scrolls of fog
 U - 3 scrolls of summoning
Potions
 g - a potion of haste
 m - 2 potions of mutation
 p - 14 potions of curing {@q1}
 t - 5 potions of cancellation
 u - 7 potions of invisibility
 w - 7 potions of lignification
 z - 18 potions of heal wounds
 C - 7 potions of flight
 F - 2 potions of agility
 H - 3 potions of ambrosia
 Y - 3 potions of might
 Z - 2 potions of resistance
Miscellaneous
 d - a phantom mirror
 i - a phial of floods
 j - a sack of spiders
 x - a lamp of fire
Comestibles
 c - 15 rations


   Skills:
 * Level 26.4(26.2) Fighting
 - Level 21.0(20.9) Axes
 + Level 23.2(23.0) Armour
 * Level 23.5(23.3) Dodging
 - Level 22.1(21.9) Shields
 - Level 12.9(12.8) Evocations


You had 25 spell levels left.
You didn't know any spells.

Dungeon Overview and Level Annotations

Branches:
Dungeon (15/15)            Temple (1/1) D:5            Lair (6/6) D:11
  Swamp (4/4) Lair:2        Snake (4/4) Lair:3          Orc (2/2) D:12
    Elf (0/3) Orc:2        Vaults (5/5) D:13          Crypt (0/3) Vaults:3
 Depths (5/5) D:15            Zot (5/5) Depths:5
  Slime: Lair:5-6

Altars:
Ashenzari
Cheibriados
Dithmenos
Elyvilon
Fedhas
Gozag
Hepliaklqana
Kikubaaqudgha
Makhleb
Nemelex Xobeh
Okawaru
Qazlal
Ru
Sif Muna
Trog
Uskayaw
Vehumet
Wu Jian
Xom
Yredelemnul
Zin
The Shining One
Beogh
Lugonu

Shops:
D:4 :   D:5 ?   D:6 *   D:13 *   Orc:1 %   Orc:2 ![%%%   Vaults:2 (*
Depths:1 *   Depths:2 ?

Portals:
Hell: Depths:1 Depths:2 Depths:3 Depths:4 Depths:5
Abyss: Depths:3 Depths:4 Depths:5
Pandemonium: Depths:3 Depths:4 Depths:5
Ziggurat: Depths:2

Annotations:
Lair:6 exclusion: 2 oklob plants
Swamp:4 Lernaean hydra
Zot:3 Tiamat


Innate Abilities, Weirdness & Mutations

You reflexively headbutt those who attack you in melee.
You have a pair of horns on your head.
You have large cloven feet.
You are agile. (Dex +2)
You are resistant to electric shocks. (rElec)
You expend magic power (3 MP) to strengthen your wands.


Message History

Trog accepts your kill.
There is a stone staircase leading up here.
You climb upwards.
There is a stone staircase leading down here.
Health restored: 264
There is an open door here.
Evoke which item? (* to show all) (? for menu, Esc to quit)
Aiming: Dig
Press: ? - help, Shift-Dir - straight line The rock shatters into small pieces.
You now have 7/10 mp.
Evoke which item? (* to show all) (? for menu, Esc to quit)
Aiming: Dig
Press: ? - help, Shift-Dir - straight line The rock shatters into small pieces.
You now have 5/10 mp.
An Orb Guardian comes into view.
You feel yourself speed up.
There is a staircase leading out of the dungeon here.
You have escaped!

#.# # #.############
#............#
############.###.##.#
#..#...........#'##.#
##.#...........#.##.#
#.#...#..#..#.#'##.#
#.#.......§≈..+....#
#.#@......§.8.####.#
#.#........≈..+....#
#.#..X#..#..#.#+##.#
#.#...........#.#...
#.#...........#'##.#
#.#########.###....#
#.# #......#.# #.#
#.####.#.# #.# #.#
#.#.#


You could see an Orb Guardian.

Vanquished Creatures
  5 orbs of fire
  Mara (Vaults:3)
  3 juggernauts
  3 ancient liches (Zot:5)
  Sojobo (Depths:4)
  3 Killer Klowns (Zot:5)
  Bai Suzhen (Swamp:4)
  Xtahua (Vaults:4)
  2 curse toes
  4 caustic shrikes
  15 golden dragons
  4 electric golems
  7 liches
  Jorgrun (Swamp:2)
  15 tentacled monstrosities
  19 Orb Guardians
  9 quicksilver dragons
  5 titans (Vaults:5)
  7 death cobs
  9 sphinxes
  Agnes (D:15)
  3 thorn hunters
  Donald (Swamp:4)
  7 tengu reavers
  21 storm dragons
  Kirke (Swamp:2)
  13 shadow dragons
  7 nagarajas
  2 draconian monks (Zot:1)
  7 draconian knights
  Roxanne (Snake:1)
  Louise (D:15)
  7 fire giants
  2 ghost moths
  Aizul (Snake:2)
  15 vault wardens
  2 iron dragons
  An orc warlord (Vaults:5)
  9 frost giants
  4 deep elf sorcerers
  5 draconian scorchers
  A deep elf elementalist (Depths:4)
  8 draconian shifters
  14 ironheart preservers
  8 very ugly things
  3 spriggan defenders
  A draconian stormcaller (Zot:1)
  20 stone giants
  7 vampire knights
  5 draconian annihilators
  Nessos (D:15)
  An entropy weaver (Vaults:4)
  A lorocyproca (Depths:2)
  A deep elf annihilator (Vaults:2)
  8 red draconians
  13 green draconians
  13 yellow draconians
  A deep elf demonologist (Vaults:2)
  10 white draconians
  16 black draconians
  10 purple draconians
  11 spark wasps
  5 deep elf death magi
  11 ettins
  A merfolk javelineer (Depths:3)
  A minotaur (Lab)
  24 yaktaur captains
  A green death (D:5)
  Josephine (D:11)
  3 deep elf high priests
  18 fire dragons
  The ghost of Gruesome the Severer, a journeyman FoFi of Cheibriados (Orc:2)
  7 rakshasas
  38 vault guards
  12 great orbs of eyes
  18 hydras
  3 spriggan air magi
  6 centaur warriors
  A ghost crab (Swamp:1)
  15 ice dragons
  13 naga warriors
  4 death knights
  2 catoblepae
  19 two-headed ogres
  7 alligators
  11 anacondas
  11 ogre magi
  3 tengu warriors
  5 death yaks (Lair:5)
  7 deep troll shamans
  2 hell hogs (Depths:3)
  16 naga sharpshooters
  6 spriggan berserkers
  5 shock serpents
  9 deep troll earth magi
  An orc high priest (Orc:2)
  Sonja (Lair:3)
  6 hell knights
  5 deep elf knights
  7 skeletal warriors (D:15)
  2 sun demons
  4 salamander mystics
  A shadow wraith (Vaults:2)
  10 sea snakes (Snake:4)
  6 iron trolls
  2 unseen horrors
  3 flayed ghosts
  A spriggan druid (Swamp:3)
  3 glowing orange brains
  3 wizards
  25 deep trolls
  An obsidian statue (Zot:5)
  A lindwurm (Lair:6)
  6 phantasmal warriors
  4 deep elf archers
  4 orange crystal statues (Orc:2)
  9 swamp dragons
  5 naga ritualists
  6 harpies (Depths:4)
  4 shambling mangroves
  19 ironbrand convokers
  8 deep elf magi
  4 necromancers
  9 orc knights
  7 mana vipers
  2 wolf spiders
  32 ugly things
  6 orc sorcerers
  A black mamba (shapeshifter) (Depths:3)
  Maurice (D:8)
  2 manticores (shapeshifter)
  24 moths of wrath
  8 salamanders
  5 cyclopes
  A rust devil (D:5)
  An ice statue (IceCv)
  A moth of wrath (shapeshifter) (Vaults:5)
  37 black mambas
  A molten gargoyle (Lair:6)
  7 guardian serpents (Snake:4)
  13 naga magi
  5 gargoyles
  17 vault sentinels
  An orange demon (Zot:3)
  11 spiny frogs
  10 komodo dragons
  54 yaktaurs
  2 tengu conjurers (Depths:3)
  The ghost of Feta the Chucker, an amateur OgHu (D:4)
  A komodo dragon (shapeshifter) (Vaults:3)
  11 freezing wraiths
  A red devil (Depths:5)
  8 trolls
  3 meliai (D:13)
  8 tyrant leeches
  A wind drake (shapeshifter) (D:13)
  A queen bee (shapeshifter) (Vaults:1)
  14 polar bears
  3 bog bodies
  A raiju (shapeshifter) (Depths:1)
  20 hornets
  A wolf spider simulacrum (D:14)
  4 hippogriffs
  35 slime creatures
  5 blink frogs (Lair:4)
  A stone giant simulacrum (Vaults:2)
  2 frost giant simulacra (Vaults:3)
  7 water elementals
  2 spriggans (shapeshifter)
  3 wyverns
  A vampire (D:13)
  3 shadows
  8 air elementals
  A hog (shapeshifter) (Vaults:4)
  13 spriggans
  10 wraiths
  40 yaks
  5 basilisks
  Eustachio (D:4)
  A human (D:7)
  3 hogs (D:7)
  3 hungry ghosts
  17 vampire mosquitoes
  3 chaos spawn
  A neqoxec (D:11)
  4 steam dragons
  21 swamp worms
  Edmund (D:6)
  40 nagas
  5 acid dragons
  8 water moccasins
  8 wargs
  8 hell hounds
  7 porcupines
  4 floating eyes
  11 swamp drakes
  7 ice beasts
  36 orc warriors
  4 sky beasts
  4 black bears
  An eye of draining (D:9)
  A phantom (D:14)
  3 necrophages
  A sky beast (shapeshifter) (Depths:3)
  12 boggarts
  27 wolves
  27 ogres
  9 centaurs
  An orc skeleton (Vaults:2)
  7 crocodiles
  2 elf zombies (D:15)
  Blork the orc (D:4)
  A deep troll simulacrum (Vaults:3)
  14 bullfrogs
  A wyvern zombie (D:14)
  A wyvern skeleton (D:15)
  4 scorpions
  9 killer bees
  10 wights
  An electric eel (D:8)
  3 howler monkeys
  7 crimson imps
  9 lava snakes
  A human zombie (D:15)
  A quasit (D:10)
  7 hounds
  2 jellies
  2 bullfrog skeletons
  18 orc priests
  An iron imp (Depths:3)
  34 orc wizards
  4 centaur skeletons
  3 iguanas
  15 worker ants
  3 human skeletons
  2 killer bee zombies
  A hound zombie (D:9)
  2 mummies (D:15)
  10 adders
  4 gnolls (D:6)
  A howler monkey skeleton (D:6)
  2 shadow imps
  13 white imps
  3 oozes
  An adder zombie (D:10)
  An adder skeleton (D:6)
  A worm (D:5)
  2 dart slugs
  5 leopard geckos
  89 orcs
  6 bats
  2 giant cockroaches
  6 goblins
  5 hobgoblins
  13 jackals
  5 kobolds
  3 quokkas
  3 ball pythons
  6 frilled lizards
  An orc zombie (D:15)
  A quokka skeleton (D:8)
  2 rats
  14 briar patches
  4 fungi (Lair:2)
  4 plants
1940 creatures vanquished.

Vanquished Creatures (collateral kills)
  The ghost of removed the Devastator, a veteran CeWz of Vehumet (Vaults:5)
  Nikola (Swamp:2)
  2 tentacled monstrosities (Vaults:5)
  A storm dragon (Depths:5)
  A shadow dragon (Depths:5)
  A vault warden (Vaults:5)
  A frost giant (Vaults:5)
  A draconian shifter (Depths:5)
  4 very ugly things (Depths:1)
  A black draconian (Zot:2)
  A deep elf high priest (Vaults:5)
  A fire dragon (Depths:1)
  3 hydras
  A glowing orange brain (Depths:3)
  2 sea snakes (Snake:4)
  A swamp dragon (Swamp:4)
  2 salamanders (Snake:3)
  A naga mage (Snake:4)
  A black mamba (Snake:4)
  A molten gargoyle (Lair:6)
  A guardian serpent (shapeshifter) (Depths:5)
  A komodo dragon (D:11)
  2 yaktaurs (Depths:1)
  A hellwing (Depths:4)
  A steam dragon (Lair:6)
  3 nagas (Snake:4)
  A warg (Orc:1)
  2 hell hounds (Lair:6)
  2 orc warriors (D:12)
  A sky beast (D:12)
  A swamp drake (Swamp:2)
  2 crocodiles (Lair:6)
  A hound (shapeshifter) (Vaults:5)
  An orc (Orc:1)
  2 plants (D:11)
50 creatures vanquished.

Vanquished Creatures (others)
  Vashnia (Snake:2)
  A yaktaur captain (Depths:5)
  A naga sharpshooter (Snake:2)
  2 moths of wrath (Zot:5)
  A yaktaur (D:15)
  3 humans (Swamp:2)
  A swamp worm (Swamp:2)
  A naga (Snake:2)
  An orc priest (Orc:2)
  4 fungi
  7 plants
23 creatures vanquished.

Grand Total: 2013 creatures vanquished

Notes
Turn   | Place    | Note
-------+----------+-------------------------------------------
     0 | D:1      | Megalobster the Minotaur Berserker began the quest for the Orb.
     0 | D:1      | Reached XP level 1. HP: 19/19 MP: 0/0
   227 | D:1      | Reached XP level 2. HP: 23/27 MP: 1/1
   666 | D:1      | Reached skill level 4 in Fighting
   697 | D:1      | Reached XP level 3. HP: 29/33 MP: 2/2
  1002 | D:1      | Reached ** piety under Trog
  1678 | D:2      | Found an ancient bone altar of Kikubaaqudgha.
  1680 | D:2      | Found a blossoming altar of Fedhas.
  2188 | D:3      | Reached XP level 4. HP: 40/40 MP: 3/3
  2586 | D:4      | Found Viabburo's Book Shop.
  2768 | D:4      | Found a sparkling altar of Nemelex Xobeh.
  2827 | D:4      | Reached skill level 5 in Axes
  2834 | D:4      | Reached XP level 5. HP: 34/47 MP: 2/4
  2857 | D:4      | Noticed Feta's ghost (amateur OgHu)
  2914 | D:4      | Killed Feta's ghost
  2914 | D:4      | Reached skill level 5 in Fighting
  2914 | D:4      | Reached XP level 6. HP: 55/56 MP: 3/5
  3009 | D:4      | Found a burning altar of Makhleb.
  3152 | D:4      | Found a bloodstained altar of Trog.
  3284 | D:4      | Noticed Blork the orc
  3285 | D:4      | Noticed Eustachio
  3293 | D:4      | Killed Blork the orc
  3293 | D:4      | Reached XP level 7. HP: 61/61 MP: 4/6
  3353 | D:4      | Killed Eustachio
  3428 | D:4      | Reached skill level 5 in Armour
  3505 | D:4      | Found a shadowy altar of Dithmenos.
  3868 | D:5      | Entered Level 5 of the Dungeon
  3997 | D:5      | Found a snail-covered altar of Cheibriados.
  4038 | D:5      | Reached skill level 6 in Fighting
  4287 | D:5      | Reached *** piety under Trog
  4287 | D:5      | Reached XP level 8. HP: 70/70 MP: 7/7
  4485 | D:5      | Reached skill level 5 in Dodging
  4626 | D:5      | Found a shattered altar of Ashenzari.
  4738 | D:5      | Found Sexoism's Magic Scroll Boutique.
  4746 | D:5      | Bought a scroll of magic mapping for 45 gold pieces
  4746 | D:5      | Bought a scroll of identify for 26 gold pieces
  4746 | D:5      | Bought a scroll of noise for 13 gold pieces
  4746 | D:5      | Bought a scroll of fear for 45 gold pieces
  4779 | D:5      | Found a hide-covered altar of Uskayaw.
  4809 | D:5      | Found a staircase to the Ecumenical Temple.
  4823 | Temple   | Entered the Ecumenical Temple
  5071 | D:6      | Got a faintly glowing ring mail
  5082 | D:6      | Identified the cursed +0 ring mail "Votoopin" {+Inv rCorr Str+4 Int+3} (You found it on level 6 of the Dungeon)
  5089 | D:6      | Found a deep blue altar of Sif Muna.
  5160 | D:6      | Reached skill level 1 in Shields
  5408 | D:6      | Found Gyah's Assorted Antiques.
  5504 | D:6      | Found a bloodstained altar of Trog.
  5600 | D:6      | Noticed Edmund
  5601 | D:6      | Reached skill level 7 in Fighting
  5605 | D:6      | Killed Edmund
  5605 | D:6      | Reached XP level 9. HP: 79/79 MP: 5/8
  5702 | D:6      | Found a shadowy altar of Dithmenos.
  6029 | D:7      | Found a hazy altar of Hepliaklqana.
  6232 | D:7      | Found a white marble altar of Elyvilon.
  6253 | D:7      | Found a shattered altar of Ashenzari.
  6310 | D:7      | Reached skill level 1 in Evocations
  6312 | D:7      | Reached skill level 10 in Axes
  6554 | D:7      | Reached skill level 8 in Fighting
  6874 | D:8      | Reached **** piety under Trog
  6960 | D:8      | Reached XP level 10. HP: 88/88 MP: 7/10
  7255 | D:8      | Noticed Maurice
  7293 | D:8      | Killed Maurice
  7715 | D:9      | Noticed a two-headed ogre
  7731 | D:9      | Killed a two-headed ogre
  8207 | D:9      | Found a glowing golden altar of the Shining One.
  8304 | D:9      | Reached skill level 9 in Fighting
  9062 | D:10     | Entered Level 10 of the Dungeon
  9183 | D:10     | Killed an unseen horror
  9183 | D:10     | Reached XP level 11. HP: 72/97 MP: 8/13
  9448 | D:10     | Reached ***** piety under Trog
  9505 | D:10     | Noticed a white ugly thing
  9513 | D:10     | Killed a white ugly thing
 10115 | D:11     | Noticed Josephine
 10127 | D:11     | Killed Josephine
 10136 | D:11     | Reached skill level 10 in Fighting
 10136 | D:11     | Reached skill level 5 in Evocations
 10541 | D:11     | Found a staircase to the Lair.
 10543 | D:11     | Noticed a six-headed hydra
 10552 | D:11     | Killed a six-headed hydra
 10833 | Lair:1   | Entered Level 1 of the Lair of Beasts
 11553 | Lair:1   | Reached skill level 10 in Armour
 11833 | Lair:1   | Noticed a seven-headed hydra
 11839 | Lair:1   | Killed a seven-headed hydra
 11839 | Lair:1   | Reached XP level 12. HP: 102/107 MP: 15/15
 12699 | Lair:2   | Found a staircase to the Swamp.
 13343 | Lair:3   | Found a staircase to the Snake Pit.
 13417 | Lair:3   | Got a scorched whip
 13802 | Lair:3   | Noticed Sonja
 13808 | Lair:3   | Killed Sonja
 13871 | Lair:3   | Reached skill level 11 in Fighting
 13962 | Lair:3   | Reached skill level 10 in Dodging
 14252 | Lair:3   | Identified 2 scrolls of acquirement
 14366 | Snake:1  | Entered Level 1 of the Snake Pit
 14852 | Lair:4   | Reached skill level 5 in Shields
 15341 | Lair:5   | Noticed a death yak
 15370 | Lair:5   | Killed a death yak
 15555 | Lair:5   | Found a labyrinth entrance.
 15567 | Lab      | Entered a labyrinth
 15901 | Lab      | Noticed a minotaur
 15907 | Lab      | Killed a minotaur
 15907 | Lab      | Reached skill level 15 in Axes
 15918 | Lab      | Identified the Incunabulum of Sinister Magic
 15922 | Lab      | Got a brightly glowing scale mail
 15935 | Lab      | Identified the cursed +1 scale mail of the Ban {rCorr} (You found it in a labyrinth)
 15940 | Lab      | Got a fine flail
 15941 | Lab      | Identified the +1 flail of Hirchitupt {distort, Int+6 Dex+4 Stlth+} (You found it in a labyrinth)
 16418 | Lair:5   | Noticed a death yak
 16419 | Lair:5   | Noticed a death yak
 16421 | Lair:5   | Noticed a death yak
 16421 | Lair:5   | Noticed a death yak
 16425 | Lair:5   | Killed a death yak
 16425 | Lair:5   | Reached XP level 13. HP: 116/116 MP: 17/17
 16753 | Lair:6   | Entered Level 6 of the Lair of Beasts
 17902 | Lair:6   | Found a large runed door.
 17911 | Lair:6   | Noticed a fire dragon
 17963 | Lair:6   | Found a large runed door.
 18017 | Lair:6   | Reached skill level 12 in Fighting
 18131 | Lair:6   | Killed a fire dragon
 18976 | D:12     | Got a pair of scorched gloves
 18987 | D:12     | Identified the -5 pair of gloves of Boxtib Ytsao {rCorr Stlth+} (You acquired it on level 12 of the Dungeon)
 19156 | D:12     | Found a roughly hewn altar of Beogh.
 19157 | D:12     | Found a staircase to the Orcish Mines.
 19238 | D:12     | Received a gift from Trog
 19324 | D:12     | Found a frozen archway.
 19342 | IceCv    | Entered an ice cave
 19578 | IceCv    | Noticed a frost giant
 19592 | IceCv    | Killed a frost giant
 19592 | IceCv    | Reached XP level 14. HP: 127/127 MP: 6/18
 20657 | Orc:1    | Entered Level 1 of the Orcish Mines
 20685 | Orc:1    | Received a gift from Trog
 20851 | Orc:2    | Entered Level 2 of the Orcish Mines
 20872 | Orc:2    | Found Jiasm's Distillery.
 20900 | Orc:2    | Bought a potion of agility for 52 gold pieces
 20900 | Orc:2    | Bought 2 potions of agility for 104 gold pieces
 21015 | Orc:2    | Noticed Gruesome's ghost (journeyman FoFi)
 21038 | Orc:2    | Killed Gruesome's ghost
 21185 | Orc:1    | Found Oskiodau's Food Shoppe.
 21579 | Orc:2    | Found a staircase to the Elven Halls.
 22565 | Orc:2    | Found Hablout's Food Emporium.
 22565 | Orc:2    | Found Zoibi's Food Emporium.
 22569 | Orc:2    | Found Ceitegroh's Armour Shoppe.
 22569 | Orc:2    | Found Zobb's Food Shoppe.
 22616 | Orc:2    | Found a runed door.
 22654 | Orc:2    | Bought a +0 pair of boots of running for 441 gold pieces
 22654 | Orc:2    | Bought the +3 crown of Dyrovepreva {rElec Int+2 SInv} for 579 gold pieces
 22654 | Orc:2    | Found the +3 crown of Dyrovepreva {rElec Int+2 SInv}
 22710 | Orc:2    | Found a runed door.
 22740 | Orc:2    | Found the +10 large shield of Ignorance {rN+ Int-4}
 23068 | Orc:2    | Bought a potion of haste for 130 gold pieces
 23068 | Orc:2    | Bought a potion of ambrosia for 104 gold pieces
 23068 | Orc:2    | Bought a potion of cancellation for 104 gold pieces
 23240 | Swamp:1  | Entered Level 1 of the Swamp
 23254 | Swamp:1  | Got a scorched bone amulet
 23267 | Swamp:1  | Identified the amulet of Relativism {rF++ Regen+} (You found it on level 1 of the Swamp)
 23300 | Swamp:1  | Reached skill level 13 in Fighting
 24187 | Swamp:2  | Received a gift from Trog
 24224 | Swamp:2  | Noticed a thorn hunter
 24238 | Swamp:2  | Killed a thorn hunter
 24456 | Swamp:2  | Noticed Kirke
 24500 | Swamp:2  | Killed Kirke
 24523 | Swamp:2  | Noticed Jorgrun
 24532 | Swamp:2  | Killed Jorgrun
 24561 | Swamp:2  | Reached XP level 15. HP: 136/136 MP: 6/20
 24580 | Swamp:2  | Noticed Nikola
 24626 | Swamp:2  | Killed Nikola
 25575 | Swamp:3  | Got a twisted chain mail
 25683 | Swamp:3  | Noticed a thorn hunter
 25692 | Swamp:3  | Killed a thorn hunter
 26521 | Swamp:4  | Entered Level 4 of the Swamp
 27059 | Swamp:4  | Noticed Bai Suzhen
 27077 | Swamp:4  | Killed Bai Suzhen
 27077 | Swamp:4  | Reached skill level 10 in Evocations
 27406 | Swamp:4  | Noticed Donald
 27450 | Swamp:4  | Killed Donald
 27450 | Swamp:4  | Reached skill level 14 in Fighting
 27518 | Swamp:3  | Identified the +3 chain mail "Xoukhluyxt" {+Fly Str+4} (You found it on level 3 of the Swamp)
 27906 | Swamp:4  | Received a gift from Trog
 28802 | Swamp:4  | Noticed a thorn hunter
 28805 | Swamp:4  | Noticed the 27-headed Lernaean hydra
 28894 | Swamp:4  | Killed a thorn hunter
 29641 | Swamp:4  | Got a decaying rune of Zot
 30182 | Snake:1  | Reached XP level 16. HP: 146/146 MP: 7/22
 30768 | Snake:1  | Noticed Roxanne
 30800 | Snake:1  | Killed Roxanne
 31354 | Snake:2  | Noticed Vashnia
 31379 | Snake:2  | Killed Vashnia
 32284 | Snake:2  | Received a gift from Trog
 32716 | Snake:2  | Noticed Aizul
 32729 | Snake:2  | Killed Aizul
 34857 | Snake:4  | Entered Level 4 of the Snake Pit
 35092 | Snake:4  | Reached skill level 15 in Fighting
 35272 | Snake:4  | Reached XP level 17. HP: 112/156 MP: 8/24
 35996 | Snake:4  | Reached skill level 15 in Armour
 36291 | Snake:4  | Got a smoking mace {elec}
 36685 | Snake:4  | Received a gift from Trog
 36686 | Snake:4  | Got a faintly glowing arbalest {god gift}
 37928 | Snake:4  | Got a serpentine rune of Zot
 38488 | D:13     | Received a gift from Trog
 38571 | D:13     | Found a gate to the Vaults.
 38991 | D:13     | Got a jewelled chain mail
 39023 | D:13     | Identified the +11 chain mail "Huc Iry" {Stlth+} (You found it on level 13 of the Dungeon)
 39303 | D:13     | Found Vuup's Blood Bar.
 40245 | D:15     | Entered Level 15 of the Dungeon
 40256 | D:15     | Noticed Agnes
 40264 | D:15     | Killed Agnes
 40471 | D:15     | Found a basalt altar of Yredelemnul.
 40535 | D:15     | Reached XP level 18. HP: 166/166 MP: 8/26
 40584 | D:15     | Found a staircase to the Depths.
 40652 | D:15     | Noticed Louise
 40665 | D:15     | Killed Louise
 41242 | D:15     | Noticed Nessos
 41250 | D:15     | Killed Nessos
 41250 | D:15     | Reached skill level 16 in Fighting
 41586 | Vaults:1 | Entered Level 1 of the Vaults
 42706 | Vaults:1 | Received a gift from Trog
 42714 | Vaults:1 | Reached skill level 15 in Dodging
 43842 | Vaults:2 | Reached skill level 10 in Shields
 43874 | Vaults:2 | Found Memutaw's Weapon Emporium.
 44563 | Vaults:2 | Found Hemoxep's General Store.
 44620 | Vaults:2 | Reached skill level 17 in Fighting
 44777 | Vaults:2 | Reached XP level 19. HP: 177/177 MP: 9/27
 45347 | Vaults:3 | Received a gift from Trog
 45463 | Vaults:3 | Noticed Mara
 45479 | Vaults:3 | Killed Mara
 46186 | Vaults:3 | Found a burning altar of Makhleb.
 46255 | Vaults:3 | Reached skill level 18 in Fighting
 46388 | Vaults:3 | Reached ****** piety under Trog
 46388 | Vaults:3 | Paralysed by a sphinx for 6 turns
 46603 | Vaults:3 | Found a staircase to the Crypt.
 46603 | Vaults:3 | Found an ancient bone altar of Kikubaaqudgha.
 46603 | Vaults:3 | Found a basalt altar of Yredelemnul.
 47569 | Vaults:4 | Noticed Xtahua
 47607 | Vaults:4 | Killed Xtahua
 47607 | Vaults:4 | Reached XP level 20. HP: 189/189 MP: 9/28
 47800 | Vaults:4 | Received a gift from Trog
 49102 | Depths:1 | Entered Level 1 of the Depths
 49123 | Depths:1 | Reached skill level 19 in Fighting
 49135 | Depths:1 | Received a gift from Trog
 49144 | Depths:1 | Got a transparent broad axe {god gift}
 49146 | Depths:1 | Identified the +7 broad axe of Luockiqopt {flame, Str+6 Int+4} (Trog gifted it to you on level 1 of the Depths)
 49442 | Depths:1 | Found Bem Diuq's Island Escapes.
 49722 | Depths:1 | Bought a scroll of teleportation for 48 gold pieces
 49722 | Depths:1 | Bought a scroll of teleportation for 48 gold pieces
 49722 | Depths:1 | Bought a potion of invisibility for 128 gold pieces
 49722 | Depths:1 | Bought a potion of invisibility for 128 gold pieces
 49988 | Depths:1 | Found a gateway to Hell.
 50404 | Depths:2 | Received a gift from Trog
 50476 | Depths:2 | Found a gateway to a ziggurat.
 50779 | Depths:2 | Found Bikoatyo's Magic Scroll Boutique.
 50788 | Depths:2 | Bought a scroll of enchant weapon for 142 gold pieces
 50788 | Depths:2 | Bought a scroll of teleportation for 57 gold pieces
 50865 | Depths:2 | You fall through a shaft!
 50867 | Depths:3 | Found a one-way gate to the infinite horrors of the Abyss.
 50887 | Depths:3 | Reached skill level 15 in Shields
 51029 | Depths:2 | Noticed a caustic shrike
 51035 | Depths:2 | Noticed a juggernaut
 51059 | Depths:2 | Killed a juggernaut
 51123 | Depths:2 | Killed a caustic shrike
 51127 | Depths:2 | Reached skill level 20 in Fighting
 51127 | Depths:2 | Reached XP level 21. HP: 201/201 MP: 9/29
 51194 | Depths:2 | Got a brightly glowing ring mail
 51207 | Depths:2 | Identified the +0 ring mail of the Lost Path {MP+9} (You found it on level 2 of the Depths)
 51771 | Depths:3 | Noticed a juggernaut
 51772 | Depths:3 | Paralysed by an ogre mage for 2 turns
 51787 | Depths:3 | Paralysed by an ogre mage for 5 turns
 52175 | Depths:3 | Paralysed by a floating eye for 3 turns
 52178 | Depths:3 | Noticed a golden dragon
 52334 | Depths:3 | Killed a golden dragon
 52427 | Depths:2 | Killed a juggernaut
 52781 | Depths:3 | Got a fine morningstar {protect}
 52782 | Depths:3 | Identified the +4 morningstar of Faahe {protect, Stlth+} (You took it off an ogre mage on level 3 of the Depths)
 53086 | Depths:3 | Found a one-way gate leading to the halls of Pandemonium.
 53265 | Depths:3 | Reached skill level 21 in Fighting
 53323 | Depths:3 | Found a burning altar of Makhleb.
 54374 | Depths:4 | Noticed Sojobo
 54428 | Depths:4 | Killed Sojobo
 54749 | Depths:4 | Paralysed by a floating eye for 4 turns
 54843 | Depths:4 | Noticed a caustic shrike
 54853 | Depths:4 | Killed a caustic shrike
 54934 | Depths:4 | Reached XP level 22. HP: 213/213 MP: 10/30
 55107 | Depths:4 | Noticed a caustic shrike
 55116 | Depths:4 | Killed a caustic shrike
 55116 | Depths:4 | Received a gift from Trog
 55121 | Depths:4 | Got a slimy hand axe {god gift}
 55132 | Depths:4 | Identified the +4 hand axe "Amicuzau" {protect, MR+} (Trog gifted it to you on level 4 of the Depths)
 55299 | Depths:4 | Got a serpentine iron ring
 55302 | Depths:4 | Identified the ring "Loss" {rC+ Int-3 Dex+6 Stlth+} (You found it on level 4 of the Depths)
 55445 | Depths:4 | Noticed a caustic shrike
 55453 | Depths:4 | Killed a caustic shrike
 55468 | Depths:4 | Got a flickering gossamer ring
 55491 | Depths:4 | Identified the ring "Qaoxuen" {Str+4 Int+2} (You found it on level 4 of the Depths)
 55547 | Depths:4 | Got a warped pewter ring
 55548 | Depths:4 | Identified the ring of the Pharaoh's Fist {rElec rPois rN+ SInv Stlth+} (You found it on level 4 of the Depths)
 55719 | Depths:4 | Paralysed by a floating eye for 3 turns
 56121 | Depths:4 | Got a transparent golden ring
 56124 | Depths:4 | Identified the ring of Carat {*Corrode +Blink rC+ rN+ Dex+2} (You found it on level 4 of the Depths)
 56274 | Depths:4 | Found a radiant altar of Vehumet.
 56888 | Depths:5 | Entered Level 5 of the Depths
 57112 | Depths:5 | Reached skill level 22 in Fighting
 57371 | Depths:5 | Noticed a juggernaut
 57378 | Depths:5 | Paralysed by a sphinx for 5 turns
 57386 | Depths:5 | Killed a juggernaut
 57927 | Depths:5 | Found a gate to the Realm of Zot.
 58139 | Depths:5 | Reached XP level 23. HP: 224/224 MP: 10/31
 58312 | Depths:5 | Found a corrupted altar of Lugonu.
 59002 | Vaults:5 | Entered Level 5 of the Vaults
 59380 | Vaults:5 | Noticed removed's ghost (veteran CeWz)
 59652 | Vaults:5 | Killed removed's ghost
 59977 | Vaults:5 | Received a gift from Trog
 60206 | Vaults:5 | Got a sparkling turquoise ring
 60213 | Vaults:5 | Identified the ring of Xom's Capriciousness {Int+3 Dex+4} (You found it on level 5 of the Vaults)
 60431 | Vaults:5 | Reached skill level 23 in Fighting
 60674 | Vaults:5 | Got a silver rune of Zot
 61321 | Vaults:5 | Got a sparkling glass ring
 61324 | Vaults:5 | Got a pitted flail {crush}
 61335 | Vaults:5 | Identified the +11 flail "Earthworm" {crush, Str+3 Dex+2} (You took it off a vault warden on level 5 of the Vaults)
 61843 | Vaults:5 | Got a pitted war axe {holy}
 61858 | Vaults:5 | Identified the ring "Muvainlo" {+Blink rPois rC+ Str+3 Slay-4} (You took it off a vault warden on level 5 of the Vaults)
 61859 | Vaults:5 | Identified the +9 war axe of Flawed Execution {holy, Str+4} (You took it off a deep elf sorcerer on level 5 of the Vaults)
 61893 | Vaults:5 | Reached XP level 24. HP: 201/235 MP: 10/31
 61897 | Vaults:5 | Received a gift from Trog
 62644 | Orc:2    | Lost intelligence.
 63290 | Orc:2    | Bought the +3 shield of Whack-A-Mole {Int+3} for 459 gold pieces
 64141 | Zot:1    | Entered Level 1 of the Realm of Zot
 65680 | Zot:1    | Lost intelligence.
 68231 | Zot:2    | Got a faintly glowing copper ring
 68232 | Zot:2    | Identified the ring "Olyentam" {+Blink SInv} (You acquired it on level 2 of the Realm of Zot)
 68833 | Zot:3    | Reached skill level 24 in Fighting
 68975 | Zot:3    | Reached XP level 25. HP: 245/245 MP: 10/31
 69261 | Zot:3    | Got a bound bone amulet
 69262 | Zot:3    | Identified the amulet of Ryt Iva {RegenMP Str+2 Dex+4} (You found it on level 3 of the Realm of Zot)
 69759 | Zot:3    | Noticed Tiamat
 71484 | Zot:4    | Noticed an orb of fire
 71485 | Zot:4    | Gained mutation: You tend to lose your temper in combat. [an orb of fire]
 71486 | Zot:4    | Gained mutation: You often lose your temper in combat. [an orb of fire]
 71498 | Zot:4    | Gained mutation: Armour fits poorly on your strangely shaped body. [an orb of fire]
 71507 | Zot:4    | Killed an orb of fire
 71939 | Zot:4    | Lost mutation: Armour fits poorly on your strangely shaped body. [potion of mutation]
 71939 | Zot:4    | Lost mutation: You often lose your temper in combat. [potion of mutation]
 71939 | Zot:4    | Gained mutation: Your system is resistant to poisons. (rPois) [potion of mutation]
 71939 | Zot:4    | Gained mutation: Your natural rate of healing is unusually fast. [potion of mutation]
 71940 | Zot:4    | Lost mutation: Your natural rate of healing is unusually fast. [potion of mutation]
 71940 | Zot:4    | Lost mutation: You tend to lose your temper in combat. [potion of mutation]
 71940 | Zot:4    | Lost mutation: Your system is resistant to poisons. (rPois) [potion of mutation]
 71940 | Zot:4    | Gained mutation: Your spells are a little harder to cast, but a little more powerful. [potion of mutation]
 71940 | Zot:4    | Gained mutation: You are partially covered in iridescent scales. (AC +2) [potion of mutation]
 71940 | Zot:4    | Lost mutation: You are partially covered in iridescent scales. (AC +2) [potion of mutation]
 71940 | Zot:4    | Gained mutation: You are agile. (Dex +2) [potion of mutation]
 72218 | Zot:5    | Entered Level 5 of the Realm of Zot
 72436 | Zot:5    | Noticed an ancient lich
 72478 | Zot:5    | Killed an ancient lich
 72478 | Zot:5    | Reached skill level 25 in Fighting
 72627 | Zot:5    | Noticed an ancient lich
 72651 | Zot:5    | Killed an ancient lich
 72651 | Zot:5    | Reached XP level 26. HP: 258/258 MP: 10/31
 72875 | Zot:5    | Noticed an ancient lich
 72884 | Zot:5    | Killed an ancient lich
 73618 | Zot:5    | Noticed an orb of fire
 73620 | Zot:5    | Gained mutation: Your body sometimes deteriorates upon taking damage. [an orb of fire]
 73632 | Zot:5    | Killed an orb of fire
 73794 | Zot:5    | Noticed an orb of fire
 73794 | Zot:5    | Noticed an orb of fire
 73809 | Zot:5    | Killed an orb of fire
 73809 | Zot:5    | Received a gift from Trog
 73819 | Zot:5    | Killed an orb of fire
 73843 | Zot:5    | Reached skill level 26 in Fighting
 74285 | Zot:5    | Noticed an orb of fire
 74285 | Zot:5    | Gained mutation: You are dopey. (Int -2) [an orb of fire]
 74304 | Zot:5    | Killed an orb of fire
 74322 | Zot:5    | Lost mutation: You are dopey. (Int -2) [potion of mutation]
 74322 | Zot:5    | Lost mutation: Your spells are a little harder to cast, but a little more powerful. [potion of mutation]
 74322 | Zot:5    | Gained mutation: You have large cloven feet. [potion of mutation]
 74322 | Zot:5    | Gained mutation: You are frail. (-10% HP) [potion of mutation]
 74322 | Zot:5    | Gained mutation: You expend magic power (3 MP) to strengthen your wands. [potion of mutation]
 74322 | Zot:5    | Gained mutation: You are resistant to electric shocks. (rElec) [potion of mutation]
 74323 | Zot:5    | Lost mutation: Your body sometimes deteriorates upon taking damage. [potion of mutation]
 74323 | Zot:5    | Lost mutation: You are frail. (-10% HP) [potion of mutation]
 74323 | Zot:5    | Gained mutation: You are frail. (-10% HP) [potion of mutation]
 74323 | Zot:5    | Lost mutation: You are frail. (-10% HP) [potion of mutation]
 74361 | Zot:5    | Got the Orb of Zot
 74409 | Zot:5    | Noticed an ancient lich
 74432 | Zot:4    | Noticed Demic the pandemonium lord
 75127 | D:$      | Escaped with the Orb!

Skill      XL: |  1  2  3  4  5  6  7  8  9 10 11 12 13 14 15 16 17 18 19 20 21 22 23 24 25 26 |
---------------+-------------------------------------------------------------------------------+-----
Axes           | 4 5 6 7 9 10 12 13 15 16 17 18 19 20 21 | 21.0
Fighting       | 4 5 6 7 8 9 10 11 12 13 14 15 17 18 20 21 22 23 24 25 26 | 26.4
Armour         | 3 4 5 6 7 8 10 11 12 13 14 15 16 17 18 19 20 21 22 23 | 23.2
Dodging        | 3 4 5 7 8 9 10 11 12 13 14 15 16 17 18 19 20 22 23 | 23.5
Shields        | 3 4 5 6 10 13 15 17 19 20 22 | 22.1
Evocations     | 2 4 5 6 7 9 10 11 12 | 12.9

Action                   |  1- 3 |  4- 6 |  7- 9 | 10-12 | 13-15 | 16-18 | 19-21 | 22-24 | 25-27 || total
-------------------------+-------+-------+-------+-------+-------+-------+-------+-------+-------++-------
Melee: Hand axe          |    95 |    62 |   304 |   133 |       |       |       |       |       ||   594
       Headbutt          |    19 |     9 |    58 |   124 |   295 |   373 |   307 |   488 |   310 ||  1983
       War axe           |       |       |       |   434 |   982 |  1053 |       |       |       ||  2469
       Flail             |       |       |       |     3 |    70 |       |       |       |       ||    73
       Battleaxe         |       |       |       |       |    21 |       |       |       |       ||    21
       Broad axe         |       |       |       |       |       |   329 |  1032 |  1303 |   744 ||  3408
Throw: Tomahawk          |       |       |       |     8 |     3 |       |       |       |       ||    11
Invok: Berserk           |     1 |     2 |    13 |    27 |    33 |    39 |    35 |    38 |    20 ||   208
       Burn Spellbooks   |     1 |       |     1 |     4 |     2 |     3 |     6 |     6 |     1 ||    24
       Trog's Hand       |       |     2 |     3 |    12 |    29 |    38 |    33 |    36 |    21 ||   174
       Brothers in Arms  |       |       |       |     3 |    11 |     2 |     6 |    11 |     3 ||    36
Evoke: Wand              |       |       |       |    11 |    27 |     6 |    14 |     2 |    16 ||    76
       Lamp of fire      |       |       |       |       |       |       |     1 |     1 |       ||     2
  Use: Scroll            |     1 |       |    16 |    14 |    14 |     8 |    11 |    19 |     5 ||    88
       Potion            |       |       |       |     3 |       |     5 |     5 |     7 |     8 ||    28
 Stab: Confused          |       |       |       |       |     1 |       |       |       |       ||     1
       Petrified         |       |       |       |       |       |     1 |       |       |       ||     1
       Distracted        |       |       |       |       |       |       |     1 |     1 |       ||     2
       Sleeping          |       |       |       |       |       |       |       |     1 |       ||     1
       Invisible         |       |       |       |       |       |       |       |     9 |       ||     9
  Eat: Chunk             |     4 |     5 |    13 |    37 |    32 |    31 |    20 |    10 |       ||   152
       Ration            |       |       |     5 |     7 |    18 |    20 |    17 |    24 |    16 ||   107
Armor: Animal skin       |     4 |       |       |       |       |       |       |       |       ||     4
       Chain mail        |    42 |    29 |    82 |       |       |   136 |   351 |   287 |       ||   927
       Ring mail         |       |       |    20 |       |       |       |       |       |       ||    20
       Plate armour      |       |       |    45 |   250 |   494 |   262 |       |       |       ||  1051
       Gold dragon scale |       |       |       |       |       |       |       |    52 |   193 ||   245
       Skin              |       |       |       |       |       |       |       |    24 |       ||    24
Dodge: Dodged            |    57 |    29 |   109 |   175 |   386 |   486 |   459 |   529 |   310 ||  2540
Block: Buckler           |       |       |    18 |    64 |       |       |       |       |       ||    82
       Shield            |       |       |       |    42 |   559 |   630 |   678 |   961 |   504 ||  3374
       Reflection        |       |       |       |       |       |    57 |       |       |       ||    57
       Large shield      |       |       |       |       |       |       |       |    53 |       ||    53
